Map: Ephemeron LE

Players

senorred

  • Race: Zerg Zerg
  • League: Silver
  • Spawn Location: 11:00

xSaintApocx - Winner!

  • Race: Terran Terran
  • Spawn Location: 5:00

VOD

Have the link to the VOD?

Description

Time

  • Played on: Nov. 26, 2019, 11:01 p.m.
  • Length: 17:50
Show
View Real Time Build Order
Export as new Build Order

senorred Zerg 

Build Orders: Hatch First 

Get SALT Encoding   

  12  0:01  Drone  
  13  0:13  Overlord  
  13  0:18  Drone  
  14  0:33  Drone x2  
  16  0:35  Drone  
  17  1:01  Hatchery  
  16  1:09  Spawning Pool  
  15  1:12  Extractor  
  14  1:22  Drone x2  
  14  1:24  Drone  
  17  1:34  Drone  
  18  1:44  Drone  
  20  2:08  Zergling x4  
  21  2:15  Queen  
  23  2:33  Queen  
  26  2:44  Drone x3  
  28  2:52  Overlord  
  28  3:03  Metabolic Boost  
  28  3:09  Overlord  
  28  3:13  Drone x2  
  30  3:23  Lair  
  30  3:25  Drone  
  31  3:32  Spine Crawler  
  30  3:54  Zergling x2  
  30  3:55  Zergling x4  
  33  3:59  Drone x5  
  33  4:01  Overlord x2  
  38  4:21  Overseer  
  38  4:22  Overseer  
  38  4:23  Pneumatized Carapace  
  38  4:29  Drone x3  
  41  4:40  Queen  
  43  4:46  Hatchery  
  43  4:47  Extractor  
  43  4:50  Roach Warren  
  40  4:56  Hydralisk Den  
  40  4:57  Spine Crawler  
  38  5:06  Evolution Chamber  
  37  5:08  Drone x3  
  40  5:14  Drone  
  40  5:15  Drone x2  
  43  5:40  Overlord x2  
  43  5:42  Hydralisk x4  
  51  6:03  Queen  
  53  6:31  Drone x6  
  53  6:32  Drone x4  
  63  6:41  Spire  
  62  7:15  Muscular Augments  
  62  7:17  Zerg Missile Weapons Level 1  
  62  7:25  Evolution Chamber  
  62  7:27  Drone x2  
  62  7:28  Drone x6  
  69  7:33  Extractor, Drone x3  
  69  7:34  Extractor, Drone x6  
  76  7:41  Drone x2  
  76  7:42  Drone x4  
  82  7:44  Overlord  
  82  7:45  Overlord x2  
  82  7:47  Extractor  
  82  7:50  Extractor  
  80  7:51  Drone x2  
  80  7:57  Spore Crawler  
  81  7:58  Spore Crawler  
  81  7:59  Spore Crawler  
  81  8:02  Drone x4, Spore Crawler  
  81  8:04  Spore Crawler  
  81  8:11  Spore Crawler  
  80  8:13  Spore Crawler x2  
  80  8:14  Spore Crawler  
  77  8:21  Spore Crawler x2  
  77  8:22  Drone x4  
  77  8:23  Drone x4  
  77  8:24  Spore Crawler  
  82  8:29  Spore Crawler  
  82  8:30  Zerg Ground Armor Level 1  
  81  8:39  Spore Crawler  
  80  8:46  Drone x2  
  80  8:47  Drone x2  
  84  8:50  Drone x4  
  88  8:58  Spore Crawler  
  88  9:02  Mutalisk x3  
  87  9:03  Mutalisk x5  
  103  9:23  Overseer x2  
  103  9:25  Overseer  
  103  9:26  Hatchery  
  101  9:55  Hydralisk x2  
  101  9:58  Overlord x3  
  101  9:59  Overlord x2  
  105  10:05  Overlord x5  
  105  10:07  Zerg Missile Weapons Level 2  
  105  10:16  Infestation Pit  
  104  10:24  Hydralisk  
  104  10:25  Hydralisk x6  
  104  10:26  Hydralisk x3  
  124  10:36  Queen  
  124  10:41  Spore Crawler  
  125  10:43  Spore Crawler  
  125  10:45  Spine Crawler  
  125  10:46  Spore Crawler  
  125  10:47  Drone x5  
  125  10:48  Spine Crawler, Drone  
  125  10:49  Spore Crawler  
  126  11:08  Zerg Ground Armor Level 2  
  126  11:19  Zergling x12  
  126  11:20  Zergling x14  
  126  11:21  Zergling x4  
  141  11:28  Nydus Network  
  140  11:34  Drone x7  
  140  11:35  Drone x2  
  140  11:39  Extractor  
  148  11:40  Extractor  
  148  11:43  Hive  
  147  11:55  Hydralisk x2  
  147  11:56  Hydralisk x8  
  147  11:57  Hydralisk x2  
  171  12:02  Grooved Spines  
  171  12:05  Zerg Flyer Weapons Level 1  
  171  12:11  Overlord x3  
  171  12:15  Drone x3  
  172  12:16  Drone x4  
  172  12:17  Drone x2  
  180  12:35  Hydralisk x8  
  196  12:53  Hydralisk  
  182  13:41  Hydralisk x4  
  152  13:42  Hydralisk x8  
  152  13:43  Hydralisk x2  
  149  14:08  Hydralisk x5  
  149  14:09  Hydralisk x4  
  124  14:28  Spawning Pool  
  117  14:35  Hydralisk Den  
  109  14:43  Overlord x4  
  109  14:44  Overlord x2  
  103  14:55  Spore Crawler  
  103  14:58  Spore Crawler  
  103  14:59  Spore Crawler  
  99  15:08  Overlord x3  
  99  15:26  Spore Crawler  
  99  15:28  Spore Crawler x2  
  96  15:32  Overlord x3  
  96  15:33  Overlord  
  96  15:45  Evolution Chamber  
  91  15:58  Drone, Spore Crawler  
  91  15:59  Hatchery, Drone x7  
  91  16:00  Spore Crawler x2  
  91  16:01  Spore Crawler x2  
  93  16:09  Spore Crawler  
  93  16:10  Spore Crawler x2  
  90  16:12  Drone x2, Spore Crawler  
  90  16:13  Drone x2  
  90  16:14  Spore Crawler  
  92  16:32  Overlord  
  92  16:33  Overlord x2  
  92  16:44  Hatchery  
  92  16:45  Hydralisk  
  92  16:46  Hydralisk x8  
  92  16:47  Hydralisk x2  
  83  17:12  Hydralisk x5  
  83  17:13  Hydralisk x3  
Show
View Real Time Build Order
Export as new Build Order

xSaintApocx Terran - Winner!

Build Orders:  

Get SALT Encoding   

  12  0:07  SCV  
  13  0:19  SCV  
  14  0:29  Supply Depot  
  14  1:09  Command Center, Barracks  
  14  1:26  Refinery  
  14  1:27  Refinery  
  14  1:40  SCV  
  15  1:52  SCV  
  17  2:04  SCV  
  17  2:19  Engineering Bay  
  17  2:46  Refinery  
  17  2:47  Refinery  
  17  3:00  Planetary Fortress  
  17  3:23  Planetary Fortress  
  17  3:43  Factory  
  17  3:54  SCV  
  18  3:59  SCV  
  19  4:06  SCV  
  20  4:11  SCV  
  21  4:18  SCV  
  21  4:23  SCV  
  23  4:27  Starport  
  23  4:30  SCV  
  24  4:35  SCV  
  25  4:42  SCV  
  26  4:46  Supply Depot  
  26  4:57  Supply Depot  
  26  5:01  SCV  
  26  5:05  SCV  
  28  5:13  SCV  
  29  5:17  SCV  
  30  5:25  Fusion Core  
  30  5:30  SCV x2  
  32  5:35  Starport Tech Lab  
  32  6:12  Battlecruiser  
  38  6:22  Weapon Refit  
  38  6:29  SCV  
  38  6:30  SCV  
  40  6:40  Starport  
  40  6:41  SCV  
  40  6:42  SCV  
  40  6:44  Barracks Tech Lab  
  40  6:47  Factory Tech Lab  
  42  6:53  SCV  
  43  6:54  SCV  
  43  6:57  Armory  
  44  7:05  Starport, SCV  
  44  7:06  SCV  
  46  7:17  SCV  
  46  7:19  SCV  
  46  7:20  Battlecruiser  
  54  7:32  Supply Depot x2  
  54  8:04  Battlecruiser  
  60  8:10  Terran Ship Weapons Level 1  
  60  8:15  Battlecruiser  
  66  8:25  Supply Depot  
  66  8:26  Supply Depot x2  
  66  8:29  Supply Depot  
  66  8:33  Armory  
  66  8:44  SCV  
  67  8:56  SCV  
  67  8:58  Battlecruiser  
  74  9:08  Battlecruiser, SCV  
  81  9:20  Supply Depot, SCV  
  81  9:21  Terran Vehicle And Ship Armor Level 1, Supply Depot  
  82  9:51  Command Center  
  82  10:01  SCV  
  82  10:06  Battlecruiser  
  89  10:10  Battlecruiser  
  89  10:12  Refinery  
  89  10:13  SCV  
  96  10:16  Refinery, Terran Ship Weapons Level 2  
  96  10:25  SCV  
  97  10:34  Battlecruiser  
  103  10:38  SCV  
  104  10:50  SCV  
  105  11:33  Battlecruiser x2  
  105  11:38  Battlecruiser  
  123  11:43  Starport  
  123  11:52  Terran Vehicle And Ship Armor Level 2  
  123  11:54  Planetary Fortress  
  123  12:04  Starport  
  123  12:11  Factory Tech Lab  
  123  12:37  Battlecruiser  
  123  12:40  Starport Tech Lab  
  129  13:09  Supply Depot  
  129  13:11  Supply Depot x2  
  129  13:12  Supply Depot x2  
  129  13:32  Battlecruiser x2  
  122  14:31  Battlecruiser x2  
  122  14:37  Battlecruiser x2  
  137  15:14  Supply Depot x2  
  137  15:15  Supply Depot  
  137  15:16  Supply Depot  
  137  15:28  SCV  
  144  15:35  Battlecruiser x2  
  144  15:40  SCV  
  144  15:41  Battlecruiser  
  151  15:53  SCV  
  152  16:05  SCV  
  152  16:10  Battlecruiser  
  159  16:17  SCV  
  172  16:40  Battlecruiser x2  
Tags
 
League
Silver
Matchup
TvZ
Spawn Locations
Cross Positions
Add a new tag
Caveats
  • Supply blocks, unpowered buildings, or Contaminate may cause inaccurate times.
  • Supply counts are checked every 10 seconds.